Map: Frozen Temple

Players

IlIlIIlIIlIl - Winner!

  • Race: Terran Terran
  • League: Master

Miszu

  • Race: Terran Terran
  • League: Master

VOD

Have the link to the VOD?

Description

Time

  • Played on: April 3, 2016, 6:25 p.m.
  • Length: 3:35
Show
View Real Time Build Order
Export as new Build Order

IlIlIIlIIlIl Terran - Winner!

Build Orders:  

Get SALT Encoding   

  12  0:03  SCV  
  13  0:16  SCV  
  13  0:20  Supply Depot  
  14  0:28  SCV  
  15  0:33  Refinery  
  15  0:42  SCV  
  16  0:45  Barracks  
  16  0:54  SCV  
  16  0:56  Refinery  
  17  1:06  SCV  
  19  1:18  SCV  
  19  1:30  SCV  
  20  1:35  Factory  
  20  1:38  Reaper  
  21  1:45  Bunker  
  20  1:50  Supply Depot  
  20  1:54  SCV  
  21  2:07  SCV  
  21  2:10  Marine  
  22  2:19  SCV  
  22  2:21  Supply Depot  
  23  2:24  Hellion  
  23  2:28  Marine  
  25  2:38  SCV  
  26  2:45  Marine  
  26  2:47  Starport  
  26  2:53  Hellion  
  28  3:02  Orbital Command  
  28  3:04  Marine  
  28  3:30  Starport Tech Lab  
Show
View Real Time Build Order
Export as new Build Order

Miszu Terran 

Build Orders:  

Get SALT Encoding   

  12  0:00  SCV  
  13  0:12  SCV  
  14  0:18  Supply Depot  
  14  0:25  SCV  
  15  0:40  Barracks  
  15  0:45  Refinery  
  15  1:00  Barracks  
  15  1:15  Barracks  
  15  1:28  Reaper  
  15  1:30  Refinery  
  16  1:47  Reaper  
  17  2:00  Reaper  
  18  2:09  Reaper  
  19  2:19  Reaper  
  19  2:21  SCV  
  20  2:32  Reaper  
  21  2:40  Supply Depot  
  21  2:41  Reaper  
  21  2:51  Reaper  
Tags
 
Add a new tag
Caveats
  • Supply blocks, unpowered buildings, or Contaminate may cause inaccurate times.
  • Supply counts are checked every 10 seconds.